 Dungeon Crawl Stone Soup version 0.25-a0-523-g9afb2ee040 (webtiles) character file.

Game seed: 11209213822091515842, levelgen mode: deterministic

665 Flugslaktarn the Chopper (level 7, 0/64 HPs)
             Began as a Deep Dwarf Fighter on Feb 18, 2020.
             Slain by an ogre
             ... wielding a +0 giant spiked club
              (28 damage)
             ... on level 4 of the Dungeon.
             The game lasted 00:00:51 (905 turns).

Flugslaktarn the Chopper (Deep Dwarf Fighter)        Turns: 905, Time: 00:00:52

Health: 0/64       AC: 10    Str: 22    XL:     7   Next: 31%
Magic:  5/5        EV:  7    Int:  8    God:
Gold:   66         SH: 10    Dex: 12    Spells: 6/6 levels left

rFire    . . .     SeeInvis .   a - +0 war axe
rCold    . . .     Gourm    .   c - +0 kite shield
rNeg     . . .     Faith    .   b - +0 scale mail
rPois    .         Spirit   .   (no helmet)
rElec    .         Reflect  .   (no cloak)
rCorr    .         Harm     .   (no gloves)
MR       +....                  l - +2 pair of boots
Stlth    ..........             (no amulet)
HPRegen  0.00/turn              (no ring)
MPRegen  0.09/turn              (no ring)

@: non-regenerating
A: damage resistance, heal wounds, sense surroundings 1, no regeneration
a: Heal Wounds


You were on level 4 of the Dungeon.
You were hungry.

You visited 1 branch of the dungeon, and saw 4 of its levels.

You collected 66 gold pieces.

Inventory:

Hand Weapons
 a - a +0 war axe (weapon)
Armour
 b - a +0 scale mail (worn)
 c - a +0 kite shield (worn)
 l - a +2 pair of boots (worn)
   (You found it on level 1 of the Dungeon)
Jewellery
 m - an uncursed amulet of rage {unknown}
   (You found it on level 3 of the Dungeon)
 o - a +4 ring of intelligence {unknown}
   (You found it on level 4 of the Dungeon)
Scrolls
 h - 4 scrolls of identify {unknown}
 i - a scroll of random uselessness {unknown}
 n - a scroll of teleportation {unknown}
Potions
 d - a potion of might
 g - 2 potions of heal wounds {unknown}
 j - a potion of cancellation {unknown}
 k - a potion of brilliance {unknown}
Comestibles
 e - 5 rations


   Skills:
 + Level 4.2 Fighting
 * Level 5.9 Axes
 + Level 5.1 Armour
 + Level 5.1 Shields


You had 6 spell levels left.
You didn't know any spells.
Your spell library was empty.

Dungeon Overview and Level Annotations

Branches:
Dungeon (4/15)
 Temple: D:4-7

Altars:
The Shining One


Innate Abilities, Weirdness & Mutations

You are resistant to damage.
You can heal yourself by infusing magical energy.
You passively map a small area around you.
You do not regenerate.


Message History

You are too injured to fight recklessly!
You are too injured to fight recklessly!
You are too injured to fight recklessly!
You fail to use your ability.
You block the kobold's attack.
You are too injured to fight recklessly!
You are too injured to fight recklessly!
You are too injured to fight recklessly!
You are too injured to fight recklessly!
You are too injured to fight recklessly!
You feel much better.
The big kobold shouts!
The kobold barely misses you. You block the ogre's attack.
The kobold barely misses you.
You hit the ogre but do no damage.
The ogre is severely wounded.
You hit the kobold but do no damage. You hit the kobold.
You kill the kobold!
You block the kobold's attack.
The ogre hits you with a +0 giant spiked club!!
You die...

...≈≈≈≈≈≈≈≈≈≈≈≈≈≈≈≈≈≈≈≈≈≈#####≈≈≈
(######################### #≈≈≈
((#.....).#.......[. #≈≈≈
(.#.....).(......... , ,
..#########......... ,,
(..#..........##### , ,
...'..........# *,,
(..#..........########..
..#########.....@O...K.. ≈ ..#, ,
, +.....(K...... , ..# ,
#............. ### *
############## ≈ ≈ ≈ ≈ ≈ ≈ * ≈ ≈≈
≈ ≈ ≈ * ≈ ≈ ≈≈ ≈ ≈ * * * *


You could see a big kobold, an ogre and a kobold.

Vanquished Creatures
  Eustachio (D:4)
  Menkaure (D:4)
  Duvessa (D:4)
  A big kobold (D:4)
  A scorpion (D:4)
  Dowan (D:4)
  A crimson imp (D:4)
  A centaur skeleton (D:4)
  Natasha (D:2)
  3 adders
  An ooze (D:3)
  A dart slug (D:1)
  A leopard gecko (D:4)
  2 orcs
  A giant cockroach (D:4)
  A goblin (D:3)
  2 hobgoblins (D:1)
  A goblin skeleton (D:4)
  3 hobgoblin zombies (D:4)
  13 kobolds
  2 kobold skeletons (D:4)
  2 kobold zombies (D:4)
  An orc skeleton (D:4)
  2 orc zombies (D:4)
45 creatures vanquished.

Notes
Turn   | Place    | Note
-------+----------+-------------------------------------------
     0 | D:1      | Flugslaktarn the Deep Dwarf Fighter began the quest for the
                  | Orb.
     0 | D:1      | Reached XP level 1. HP: 20/20 MP: 1/1
   163 | D:2      | Noticed Natasha
   166 | D:2      | Killed Natasha
   166 | D:2      | Reached XP level 2. HP: 18/28 MP: 2/2
   166 | D:2      | Reached XP level 3. HP: 22/34 MP: 3/3
   358 | D:4      | Reached XP level 4. HP: 39/42 MP: 4/4
   411 | D:4      | Noticed Menkaure
   427 | D:4      | HP: 2/42 [Menkaure/nerve-wracking pain (5)]
   431 | D:4      | Killed Menkaure
   431 | D:4      | Reached XP level 5. HP: 21/49 MP: 4/4
   438 | D:4      | Noticed Eustachio
   471 | D:4      | Killed Eustachio
   471 | D:4      | Reached XP level 6. HP: 43/57 MP: 4/4
   550 | D:4      | Noticed Duvessa
   550 | D:4      | Noticed Dowan
   573 | D:4      | Killed Dowan
   573 | D:4      | Reached skill level 5 in Axes
   584 | D:4      | Killed Duvessa
   662 | D:4      | Reached XP level 7. HP: 42/64 MP: 5/5
   735 | D:4      | Found a glowing golden altar of the Shining One.
   858 | D:4      | Reached skill level 5 in Armour
   858 | D:4      | Reached skill level 5 in Shields
   905 | D:4      | Slain by an ogre

Levels and vault maps discovered:
D:1:      dpeg_arrival_chase, layout_loops_cross
D:2:      layout_basic, uniq_natasha
D:3:      layout_basic, lemuel_round_altar, uniq_crazy_yiuf_cottage,
          uniq_sigmund
D:4:      minmay_goblin_kobold_castle, layout_cave_pools,
          nicolae_tso_besieged_by_evil, first_ration, uniq_menkaure,
          uniq_eustachio, uniq_duvessa

Skill      XL: |  1  2  3  4  5  6  7 |
---------------+----------------------+-----
Fighting       | 3 4 |  4.2
Axes           | 3 4 5 |  5.9
Armour         | 4 5 |  5.1
Shields        | 4 5 |  5.1

Action                   |  1- 3 |  4- 6 |  7- 9 || total
-------------------------+-------+-------+-------++-------
Melee: War axe           |    30 |   104 |    46 ||   180
 Abil: Heal Wounds       |     1 |     7 |     1 ||     9
Armor: Scale mail        |     5 |    63 |    30 ||    98
Dodge: Dodged            |     5 |    54 |    19 ||    78
Block: Kite shield       |    17 |    79 |    23 ||   119

Table legend:
 A = Non-vault XP
 B = Vault XP
 C = Vault XP percentage of total XP
 D = Non-vault monster count
 E = Vault monster count
 F = Vault count percentage of total count
                 A         B        C        D         E       F
            +---------+---------+-------+---------+---------+-------
      Total |     180 |     771 |  81.1 |      16 |      29 |  64.4
            +---------+---------+-------+---------+---------+-------
        D:1 |       9 |       0 |   0.0 |       4 |       0 |   0.0
        D:2 |       1 |      35 |  97.2 |       1 |       1 |  50.0
        D:3 |      25 |       0 |   0.0 |       4 |       0 |   0.0
        D:4 |     145 |     736 |  83.5 |       7 |      28 |  80.0
            +---------+---------+-------+---------+---------+-------
